Map: Acropolis LE

Players

PeLLy

  • Race: Zerg Zerg
  • League: Diamond
  • Spawn Location: 11:00

PPO - Winner!

  • Race: Terran Terran
  • League: Diamond
  • Spawn Location: 5:00

VOD

Have the link to the VOD?

Description

Time

  • Played on: Aug. 18, 2019, 9:54 a.m.
  • Length: 12:47
Show
View Real Time Build Order
Export as new Build Order

PeLLy Zerg 

Build Orders: Hatch First 

Get SALT Encoding   

  12  0:01  Drone  
  13  0:13  Overlord  
  13  0:19  Drone  
  14  0:31  Drone x2  
  14  0:35  Drone  
  17  0:54  Hatchery  
  17  0:57  Drone  
  17  1:10  Spawning Pool  
  16  1:13  Extractor  
  16  1:15  Drone  
  16  1:21  Drone  
  16  1:22  Drone  
  18  1:29  Drone  
  19  1:47  Overlord  
  19  1:59  Drone  
  20  2:01  Drone  
  21  2:15  Lair  
  21  2:25  Drone x3  
  21  2:26  Drone  
  25  2:30  Drone  
  25  2:31  Extractor  
  25  2:40  Drone  
  25  2:41  Drone, Hatchery  
  26  2:45  Drone  
  27  2:54  Drone  
  27  2:56  Drone, Queen  
  31  3:00  Overlord  
  29  3:13  Zergling x2  
  29  3:14  Spine Crawler, Metabolic Boost  
  29  3:17  Spore Crawler  
  28  3:25  Queen  
  30  3:42  Baneling Nest  
  29  3:49  Overlord x2  
  26  4:03  Spine Crawler  
  26  4:04  Spore Crawler  
  24  4:15  Roach Warren  
  23  4:22  Drone x5  
  28  4:27  Overseer  
  28  4:46  Queen  
  28  4:48  Drone x2  
  28  4:49  Drone x3  
  35  4:53  Drone  
  35  4:55  Drone  
  37  5:02  Centrifical Hooks  
  37  5:07  Glial Reconstitution  
  37  5:15  Spore Crawler  
  37  5:18  Spine Crawler  
  37  5:20  Extractor  
  37  5:21  Drone x2  
  36  5:36  Drone x7  
  33  6:04  Roach x8  
  42  6:30  Roach  
  42  6:31  Roach x2  
  48  6:46  Queen  
  50  6:53  Overseer  
  50  6:56  Overlord  
  50  7:14  Queen  
  52  7:42  Drone x5  
  52  7:43  Drone  
  58  7:44  Overlord x3  
  58  8:03  Extractor  
  57  8:12  Spore Crawler  
  56  8:18  Queen  
  55  9:09  Spine Crawler  
  54  9:31  Ravager x11  
  61  9:44  Overseer  
  61  10:08  Drone x14  
  61  10:09  Queen x3  
  81  10:21  Spore Crawler  
  81  10:25  Roach  
  82  10:33  Evolution Chamber  
  81  10:36  Evolution Chamber  
  52  10:55  Hydralisk Den  
  51  11:06  Drone x6  
  51  11:09  Roach x3  
  63  11:27  Roach x2  
  64  11:34  Roach x7  
  64  11:38  Hydralisk  
  64  11:39  Hydralisk  
  55  12:02  Ravager x3  
  55  12:06  Zergling x2  
  55  12:07  Zergling x6  
  53  12:26  Baneling  
  53  12:27  Baneling x6  
Show
View Real Time Build Order
Export as new Build Order

PPO Terran - Winner!

Build Orders: Mech 

Get SALT Encoding   

  12  0:01  SCV  
  13  0:13  SCV  
  14  0:19  Supply Depot  
  14  0:25  SCV  
  15  0:41  SCV  
  16  0:44  Barracks  
  16  0:51  Refinery  
  16  0:53  SCV  
  16  0:55  Refinery  
  17  1:05  SCV  
  18  1:17  SCV  
  19  1:29  SCV  
  20  1:35  Ghost Academy  
  20  1:36  Barracks Tech Lab  
  20  1:41  Orbital Command  
  20  1:50  Supply Depot  
  20  2:04  Ghost  
  22  2:17  Factory  
  22  2:21  SCV  
  23  2:35  Supply Depot  
  23  2:37  Ghost  
  23  2:43  SCV  
  26  2:55  SCV  
  27  3:07  SCV  
  28  3:18  Ghost  
  28  3:19  SCV  
  31  3:36  Command Center  
  31  3:37  SCV  
  32  3:43  Starport  
  32  3:47  Factory Tech Lab  
  32  4:01  SCV  
  33  4:10  Engineering Bay  
  33  4:13  SCV  
  33  4:14  Ghost  
  33  4:16  Personal Cloaking  
  36  4:17  Supply Depot  
  36  4:25  SCV  
  36  4:31  Refinery  
  37  4:32  Refinery  
  37  4:35  Medivac  
  39  4:44  SCV  
  40  4:49  Orbital Command, Supply Depot  
  40  4:58  Siege Tank  
  40  4:59  SCV  
  44  5:06  Liberator  
  44  5:11  SCV  
  45  5:15  SCV  
  45  5:18  Supply Depot  
  46  5:23  SCV  
  46  5:27  SCV  
  51  5:32  Armory  
  51  5:35  SCV  
  51  5:39  Siege Tank  
  55  5:51  Liberator  
  58  6:16  SCV x2, Siege Tank  
  63  6:33  Factory  
  63  6:40  Factory  
  63  6:53  SCV, Starport Tech Lab  
  64  6:56  SCV  
  64  6:57  Liberator  
  64  7:00  Terran Vehicle Weapons Level 1  
  65  7:02  Command Center x2  
  65  7:04  Fusion Core  
  65  7:06  SCV, Supply Depot  
  65  7:08  SCV, Supply Depot  
  67  7:11  Supply Depot  
  67  7:12  Siege Tank  
  73  7:18  SCV  
  73  7:20  SCV  
  75  7:30  SCV  
  76  7:41  Factory Reactor, Factory Tech Lab  
  76  7:43  SCV x2  
  78  7:54  Advanced Ballistics  
  78  7:55  SCV x2  
  80  8:03  Liberator  
  80  8:07  SCV x2  
  82  8:17  Siege Tank, Hellion  
  82  8:18  Siege Tank  
  82  8:19  SCV, Hellion  
  96  8:53  Siege Tank x2, Hellion x2  
  106  9:03  Liberator  
  106  9:14  Hellion  
  108  9:21  SCV x2  
  108  9:22  Orbital Command x2  
  113  9:25  Thor  
  119  9:44  Siege Tank, Hellion x2  
  117  10:07  SCV x2  
  117  10:08  Siege Tank  
  117  10:13  Ghost  
  124  10:24  Command Center  
  124  10:25  Command Center  
  124  10:28  Refinery x2, Missile Turret  
  124  10:31  Supply Depot x2  
  124  10:32  Missile Turret  
  124  10:41  Ghost  
  111  10:53  Siege Tank, Hellion x3  
  120  11:05  Neosteel Armor  
  120  11:06  Armory  
  120  11:13  SCV  
  120  11:14  SCV x3, Siege Tank  
  120  11:17  Factory  
  121  11:39  Hellion x2  
  123  11:47  Orbital Command  
  123  11:48  Planetary Fortress  
  115  12:17  Factory Tech Lab  
  115  12:18  Hellion x3  
Tags
 
Composition
Mech
Matchup
TvZ
Spawn Locations
Cross Positions
Add a new tag
Caveats
  • Supply blocks, unpowered buildings, or Contaminate may cause inaccurate times.
  • Supply counts are checked every 10 seconds.